 Dungeon Crawl Stone Soup version 0.24.0-3-g28a8eb0610 (webtiles) character file.

Game seed: 17045636771303657433, levelgen mode: deterministic

690 Mrkan the Chopper (level 7, -4/62 HPs)
             Began as a Hill Orc Fighter on Nov 1, 2019.
             Was a Follower of Nemelex Xobeh.
             Killed by a card of wild magic (23 damage)
             ... on level 4 of the Dungeon.
             The game lasted 00:05:34 (3441 turns).

Mrkan the Chopper (Hill Orc Fighter)                Turns: 3441, Time: 00:05:35

Health: -4/62      AC: 11    Str: 20    XL:     7   Next: 63%
Magic:  9/9        EV:  4    Int:  8    God:    Nemelex Xobeh [*.....]
Gold:   195        SH: 10    Dex: 11    Spells: 6/6 levels left

rFire    . . .     SeeInvis .   a - +0 war axe
rCold    . . .     Gourm    .   c - +0 shield
rNeg     . . .     Faith    .   j - +0 plate armour
rPois    .         Spirit   .   (no helmet)
rElec    .         Reflect  .   (no cloak)
rCorr    .         Harm     .   (no gloves)
MR       .....                  (no boots)
Stlth    ..........             (no amulet)
HPRegen  0.20/turn              (no ring)
MPRegen  0.11/turn              (no ring)

@: no status effects
A: no striking features
a: Draw Escape, Draw Destruction, Draw Summoning, Renounce Religion


You were on level 4 of the Dungeon.
You worshipped Nemelex Xobeh.
Nemelex Xobeh was aware of your devotion.
You were not hungry.

You visited 1 branch of the dungeon, and saw 4 of its levels.

You collected 195 gold pieces.

Inventory:

Hand Weapons
 a - a +0 war axe (weapon)
Missiles
 p - 11 javelins (quivered)
Armour
 b - a +0 scale mail
 c - a +0 shield (worn)
 j - a +0 plate armour (worn)
Jewellery
 l - a +5 ring of protection {unknown}
 q - a +5 ring of strength {unknown}
Wands
 r - a wand of acid (6)
Scrolls
 e - a scroll of enchant weapon {unknown}
 g - a scroll of fog {unknown}
 h - 4 scrolls of remove curse {unknown}
 k - 4 scrolls of identify {unknown}
 n - 2 scrolls of enchant armour {unknown}
 o - 2 scrolls of teleportation {unknown}
 u - a scroll of amnesia {unknown}
Potions
 d - 2 potions of curing {unknown}
 i - 2 potions of heal wounds {unknown}
 m - a potion of degeneration {unknown}
 t - a potion of ambrosia {unknown}
 v - a potion of resistance {unknown}
Comestibles
 f - 10 rations
 s - 4 chunks of flesh


   Skills:
 + Level 5.7 Fighting
 * Level 7.6 Axes
 - Level 3.2 Armour
 + Level 5.2 Shields
 + Level 3.3 Invocations


You had 6 spell levels left.
You didn't know any spells.
Your spell library was empty.

Dungeon Overview and Level Annotations

Branches:
Dungeon (4/15)
 Temple: D:4-7

Altars:
Gozag
Nemelex Xobeh
Trog
The Shining One

Annotations:
D:3 2 runed translucent doors, mishael's ghost, amateur DrIE


Message History

A hound is nearby!
A hound is nearby!
A hound is nearby!
You draw a card...
You have drawn Pain.
Press: ? - help, Shift-Dir - straight line, f - hound
Aim: a hound The hound convulses!
You draw a card...
You have drawn Pain.
Press: ? - help, Shift-Dir - straight line, f/p - hound
Aim: a hound (heavily wounded)
The hound convulses!
You draw a card...
You have drawn Wild Magic.
The hound is caught in an explosion of flying shrapnel!
The explosion engulfs the hound!!
You kill the hound!
The explosion engulfs you!!
You die...
Your body disappears without a glow.

###############
#...@†.)......#
##.##########.# #####
#.# ....# ## #.# #####
....# #. #.#......
....# #.####.......#
....# ###.............
....###......######..#
(.........[...........


There were no monsters in sight!

Vanquished Creatures
  Sigmund (D:3)
  An ogre (D:4)
  A scorpion (D:4)
  A howler monkey (D:2)
  An orc wizard (D:4)
  2 hounds (D:4)
  A centaur skeleton (D:4)
  Natasha (D:2)
  2 hound skeletons (D:4)
  4 gnolls (D:3)
  6 adders
  6 worms
  A dart slug (D:4)
  4 leopard geckos
  10 orcs
  4 bats
  2 goblins
  10 hobgoblins
  3 jackals (D:4)
  A quokka (D:3)
  A ball python (D:2)
  12 frilled lizards
  8 kobolds
  9 rats
92 creatures vanquished.

Notes
Turn   | Place    | Note
-------+----------+-------------------------------------------
     0 | D:1      | Mrkan the Hill Orc Fighter began the quest for the Orb.
     0 | D:1      | Reached XP level 1. HP: 19/19 MP: 1/1
    34 | D:1      | Reached skill level 3 in Axes
    58 | D:1      | Reached XP level 2. HP: 25/27 MP: 2/2
   442 | D:1      | Reached XP level 3. HP: 32/33 MP: 3/3
   636 | D:2      | Found an opulent altar of Gozag.
   641 | D:2      | Reached skill level 4 in Axes
   866 | D:2      | Reached XP level 4. HP: 28/40 MP: 4/4
   926 | D:2      | HP: 1/41 [worm (6)]
  1309 | D:2      | Reached skill level 5 in Axes
  1309 | D:2      | Reached XP level 5. HP: 34/47 MP: 5/5
  1562 | D:2      | Found a sparkling altar of Nemelex Xobeh.
  1562 | D:2      | Found a glowing golden altar of the Shining One.
  1581 | D:2      | Became a worshipper of Nemelex Xobeh the Trickster
  1665 | D:2      | Noticed Natasha
  1672 | D:2      | Killed Natasha
  2082 | D:3      | Received a gift from Nemelex Xobeh
  2163 | D:3      | Found a runed translucent door.
  2165 | D:3      | Noticed mishael's ghost (amateur DrIE)
  2264 | D:3      | Found a runed translucent door.
  2401 | D:3      | Noticed Sigmund
  2408 | D:3      | Killed Sigmund
  2408 | D:3      | Reached skill level 5 in Fighting
  2408 | D:3      | Reached skill level 6 in Axes
  2408 | D:3      | Reached XP level 6. HP: 49/56 MP: 5/7
  2486 | D:3      | Reached * piety under Nemelex Xobeh
  2959 | D:4      | Reached XP level 7. HP: 37/61 MP: 8/8
  3040 | D:4      | Reached skill level 7 in Axes
  3049 | D:4      | Reached skill level 5 in Shields
  3216 | D:4      | Found a bloodstained altar of Trog.
  3441 | D:4      | Killed by a card of wild magic

Levels and vault maps discovered:
D:1:      zelgadis_glass_arrival_small, layout_basic, minmay_fountain_box,
          minmay_lizard_pond
D:2:      layout_basic, nicolae_overflow_hidden_temple,
          amethyst_overflow_temple_binary, chequers_serial_rivers_small_a,
          uniq_natasha
D:3:      layout_loops_corners, ebering_ghost_sewer_f, first_ration,
          uniq_sigmund
D:4:      layout_basic, kennysheep_mini, minmay_misc_feat_five, st_stairs_5,
          kennysheep_generic_room_2

Skill      XL: |  1  2  3  4  5  6  7 |
---------------+----------------------+-----
Axes           | 3 4 5 6 7 |  7.6
Fighting       | 4 5 |  5.7
Shields        | 4 5 |  5.2
Invocations    | 2 3 |  3.3
Armour         | |  3.2

Action                   |  1- 3 |  4- 6 |  7- 9 || total
-------------------------+-------+-------+-------++-------
Melee: War axe           |   140 |   182 |    48 ||   370
 Abil: Draw Destruction  |       |       |     2 ||     2
  Use: Potion            |       |     1 |       ||     1
  Eat: Chunk             |       |     7 |     2 ||     9
Armor: Scale mail        |    46 |    20 |       ||    66
       Plate armour      |       |    58 |    24 ||    82
Dodge: Dodged            |    46 |    29 |     8 ||    83
Block: Shield            |    72 |    79 |    17 ||   168
